Cogmind - Beta 10.2 @@@ ROGUE MODE // 2021.10.05 @ 16:31:12 Player: Phaethon Result: Destroyed by Z-Imprinter with Zionite Laser-M Performance ------------- Evolutions (3) 1500 Regions Visited (10) 2000 Robots Destroyed (76) 380 Value Destroyed (1770) 1770 Prototype IDs (17) 340 Alien Tech Used (0) 0 Bonus (-1520) -1520 TOTAL SCORE: 4470 Bonus ------- High Alert Combat Kills 81 Follower Combat Kills 66 Met Imprinter 300 Friendly Fire -1967 Cogmind --------- Core Integrity 0/700 Matter 194/300 Energy 83/100 System Corruption 0% Temperature Cool (12) Movement Flying (35) Location -7/Deep Caves Parts ------- > --- POWER (1) -------- (None) > --- PROPULSION (4) --- Improved Flight Unit > --- UTILITY (6) ------ Experimental Heat Sink Spectral Analyzer Improved Signal Interpreter > --- WEAPON (2) ------- (None) > --- INVENTORY (4) ---- Zionite Light DM Reactor Makeshift Transmission Jammer Experimental Hacking Suite CR-A16's Pointy Stick Peak State ------------ > --- POWER ------------ Micro Nuclear Core > --- PROPULSION ------- Improved Flight Unit Improved Flight Unit Improved Flight Unit Improved Flight Unit > --- UTILITY ---------- Medium Storage Unit Experimental Sensor Array Improved Signal Interpreter Hacking Suite Hacking Suite Makeshift Hacking Suite > --- WEAPON ----------- Molecular Deconstructor > --- INVENTORY -------- Improved Flight Unit Improved Flight Unit Enhanced Optical Array Transmission Jammer Improved Light Armor Plating 01-MTF's Autohacker Thief Drone Bay Improved Datajack [Rating: 56] Favorites ----------- Power Improved Ion Engine Engine Improved Ion Engine Power Core Micro Nuclear Core Reactor Zionite Light DM Reactor Propulsion Light Treads Treads Light Treads Leg Aluminum Leg Wheel Compact Wheel Flight Unit Improved Flight Unit Utility Hacking Suite Device Experimental Sensor Array Storage High-capacity Storage Unit Processor Improved Signal Interpreter Hackware Hacking Suite Protection Light Armor Plating Weapon Improved Assault Rifle Energy Gun Beam Rifle Energy Cannon Advanced Beam Cannon Ballistic Gun Improved Assault Rifle Launcher EMP Blaster Special Weapon Mining Laser Slashing Weapon Greatsword Piercing Weapon CR-A16's Pointy Stick Build | -11 -10 -10 -9 -9 -9 -7 -7 -7 -7 -7 ------- Run | Scr Mat Min Mat Sto Rec Fac Low Low Zio Dee Slots Evolved 6 | . . . 2 . . 4 . . . . Power . | . . . . . . . . . . . Propulsion 2 | . . . 1 . . 1 . . . . Utility 4 | . . . 1 . . 3 . . . . Weapon . | . . . . . . . . . . . Parts Attached 143 | 6 22 2 20 38 1 21 . 15 8 10 Power 20 | 1 4 . 4 4 . 5 . . 1 1 Engine 15 | 1 4 . 4 4 . 1 . . 1 . Core 4 | . . . . . . 4 . . . . Reactor 1 | . . . . . . . . . . 1 Propulsion 31 | 2 4 . 5 12 . 4 . 1 . 3 Treads 17 | . 1 . 5 11 . . . . . . Leg 2 | . 2 . . . . . . . . . Wheel 3 | 2 1 . . . . . . . . . Hover . | . . . . . . . . . . . Flight 9 | . . . . 1 . 4 . 1 . 3 Utility 40 | 1 3 1 2 1 . 9 . 12 5 6 Device 14 | . . . . . . 1 . 7 2 4 Storage 6 | 1 2 . 1 . . 2 . . . . Processor 6 | . . 1 1 . . 1 . . 3 . Hackware 5 | . . . . 1 . 2 . 1 . 1 Protection 9 | . 1 . . . . 3 . 4 . 1 Artifact . | . . . . . . . . . . . Weapon 52 | 2 11 1 9 21 1 3 . 2 2 . Energy Gun 14 | . 5 . 5 4 . . . . . . Energy Cannon 2 | . . . . 2 . . . . . . Ballistic Gun 17 | 2 4 1 2 7 1 . . . . . Ballistic Cannon . | . . . . . . . . . . . Launcher 5 | . 1 . 1 3 . . . . . . Special Weapon 9 | . 1 . 1 5 . 1 . 1 . . Impact Weapon . | . . . . . . . . . . . Slashing Weapon 4 | . . . . . . 2 . 1 1 . Piercing Weapon 1 | . . . . . . . . . 1 . Special Melee Weapon . | . . . . . . . . . . . Unidentified Prototypes 14 | . . . 2 5 . . . 1 4 2 Parts Lost 22 | . 8 . 1 1 . . . . . 12 Power 2 | . 1 . . . . . . . . 1 Propulsion 8 | . 2 . 1 . . . . . . 5 Utility 6 | . 1 . . . . . . . . 5 Weapon 6 | . 4 . . 1 . . . . . 1 Highest Loss Streak 12 | . 7 . 1 1 . . . . . 12 Average Slot Usage (%) 96 | . 98 100 98 99 100 91 92 92 91 73 Engine 8 | . 13 14 11 11 11 . . . 6 4 Core 1 | . . . . . . 6 7 7 . . Treads 15 | . 9 14 28 33 33 . . . . . Wheel 3 | . 16 14 4 . . . . . . . Flight 10 | . . . . . . 30 30 30 30 21 Device 2 | . . . . . . 6 7 6 5 6 Storage 17 | . 24 26 21 22 22 7 7 7 7 6 Processor 5 | . . 1 11 2 . 6 7 7 9 15 Hackware 10 | . . . . 8 11 21 23 23 23 10 Energy Gun 3 | . 10 . 10 3 . . . . . . Energy Cannon 1 | . . . . 6 1 . . . . . Ballistic Gun 7 | . 17 14 11 8 20 . . . . . Launcher 1 | . . 14 . . . . . . . . Special Weapon 1 | . . . . 3 . 2 . . . . Slashing Weapon 2 | . . . . . . 4 7 7 7 4 Naked Turns . | . . . . . . . . . . . Heaviest Build 79 | 9 60 60 77 79 79 22 20 22 20 18 Greatest Support 60 | 32 32 16 60 60 60 24 24 26 26 26 Greatest Overweight (x) 4 | . 3 3 4 1 1 . . . . 4 Average Overweight (x) . | . 2 2 2 1 1 . . . . . Largest Inventory Capacity 24 | 6 18 18 20 20 20 24 8 8 8 8 Average Capacity 14 | 5 15 17 19 20 20 8 8 8 8 7 Most Carried 20 | 6 18 18 20 20 20 20 8 8 8 8 Average Carried 14 | 2 13 17 18 19 19 8 7 8 7 6 Final Capacity 20 | 6 18 12 20 20 20 8 8 8 8 4 Final Carried 20 | 6 18 12 20 20 20 8 8 8 8 4 Class Distribution -------------------- 39% | Hauler-Mutant 33% | Hacker-Sprinter 23% | Mutant Dominant Class ---------------- Mutant | -10/Materials Mutant | -10/Mines Hauler-Mutant | -9/Materials Hauler-Mutant | -9/Storage Hauler-Mutant | -9/Recycling Hacker-Sprinter | -7/Factory Hacker-Sprinter | -7/Lower Caves Hacker-Sprinter | -7/Lower Caves Hacker-Sprinter | -7/Zion Hacker-Scout | -7/Deep Caves Resources | -11 -10 -10 -9 -9 -9 -7 -7 -7 -7 -7 ----------- Run | Scr Mat Min Mat Sto Rec Fac Low Low Zio Dee Matter Collected 2063 | 268 233 72 360 680 76 190 20 . 62 102 Remotely . | . . . . . . . . . . . Salvage Created 3154 | 75 462 34 1293 985 164 67 . . . 74 Parts 188 | 1 29 4 75 59 7 6 . . . 7 Haulers Intercepted 11 | . 2 . 3 6 . . . . . . Recyclers Shooed 1 | . . . . 1 . . . . . . Parts Field Recycled . | . . . . . . . . . . . Retrieved Matter . | . . . . . . . . . . . Parts Self-Destructed 13 | . . . . . . . 10 3 . . Prevented 1 | . . . . . . . 1 . . . Kills | -11 -10 -10 -9 -9 -9 -7 -7 -7 -7 -7 ------- Run | Scr Mat Min Mat Sto Rec Fac Low Low Zio Dee Combat Hostiles Destroyed 54 | . 10 2 21 17 2 1 . . . 1 Melee 2 | . . . . . . 1 . . . 1 Guns 44 | . 10 . 18 14 2 . . . . . AOE 7 | . . 2 2 3 . . . . . . Classes Destroyed 12 | 1 3 . 4 . 1 1 . . . 2 Builder 1 | . . . 1 . . . . . . . Hauler 11 | . 2 . 3 6 . . . . . . Recycler 5 | 1 1 . 1 . 2 . . . . . Drone 2 | . . . . . 2 . . . . . Watcher 5 | . . . 3 1 . 1 . . . . Swarmer 14 | . 6 2 . 6 . . . . . . Grunt 28 | . 4 . 17 7 . . . . . . Brawler 1 | . . . 1 . . . . . . . Sentry 7 | . . . 3 4 . . . . . . Programmer 1 | . . . . . . 1 . . . . Z-Technician 4 | . . . . . . . . . . 4 Assembled 1 | . . . . . . . . . . 1 Best Kill Streak 4 | 1 4 2 4 4 4 2 . . . 4 Combat Bots Only 4 | . 3 2 4 4 2 1 . . . 1 Max Kills in Single Turn 2 | 1 2 1 2 2 1 1 . . . 1 Gunslinging 1 | . 1 . . . . . . . . . Exploded 1 | . . 1 1 1 . . . . . . Melee 1 | . . . . . . 1 . . . 1 Uniques/NPCs Destroyed 1 | . . . . 1 . . . . . . 01-MTF (-9/Storage) Combat | -11 -10 -10 -9 -9 -9 -7 -7 -7 -7 -7 -------- Run | Scr Mat Min Mat Sto Rec Fac Low Low Zio Dee Damage Taken 3741 | . 727 31 656 692 . 99 . 171 . 1365 Core 1013 | . 106 7 83 103 . 29 . 32 . 653 Absorbed by Shields . | . . . . . . . . . . . Core Remaining (%) 69 | 100 . 54 . . 53 . . . . . Volleys Fired 228 | 4 51 3 60 98 11 1 . . . . Largest 2 | 2 2 2 2 2 2 1 . . . . Hottest 168 | 40 121 53 100 168 46 100 . . . . Shots Fired 420 | 8 91 6 119 173 22 1 . . . . Gun 354 | 8 90 3 113 118 22 . . . . . Cannon 37 | . . . . 37 . . . . . . Launcher 14 | . . 3 5 6 . . . . . . Special 15 | . 1 . 1 12 . 1 . . . . Kinetic 258 | 8 79 3 59 87 22 . . . . . Thermal 121 | . 12 . 28 80 . 1 . . . . Explosive . | . . . . . . . . . . . Electromagnetic 41 | . . 3 32 6 . . . . . . Robot Hit Streak 14 | 6 11 2 14 13 3 . . . . . Robot Miss Streak 6 | 1 3 3 3 5 6 . . . . . Penetration Max . | . . . . . . . . . . . Secondary Targets 2 | . 2 . . . . . . . . . Max Gunslinging Chain 1 | . 1 . . . . . . . . . Shots Hit Robots 281 | 6 66 2 79 111 9 3 . . . 5 Core Hits 119 | 2 24 3 39 40 5 2 . . . 4 Critical Hits 3 | 1 . . . 2 . . . . . . Critical Kills . | . . . . . . . . . . . Critical Parts Destroyed 2 | 1 . . . 1 . . . . . . Melee Attacks 75 | . . . . . . 19 6 14 31 5 Impact . | . . . . . . . . . . . Slashing 75 | . . . . . . 19 6 14 31 5 Piercing . | . . . . . . . . . . . Sneak Attacks 5 | . . . . . . . . . . 5 Combat Hostiles 1 | . . . . . . . . . . 1 Follow-up Attacks . | . . . . . . . . . . . Damage Inflicted 5227 | 65 538 83 1552 1599 143 179 . . . 1068 Guns 2987 | 65 538 6 1099 1136 143 . . . . . Cannons 309 | . . . . 309 . . . . . . Explosions 660 | . . 77 453 130 . . . . . . Melee 1247 | . . . . . . 179 . . . 1068 Ramming . | . . . . . . . . . . . Kinetic 1863 | 65 420 6 442 787 143 . . . . . Thermal 1262 | . 118 . 462 682 . . . . . . Explosive 27 | . . . 27 . . . . . . . Electromagnetic 828 | . . 77 621 130 . . . . . . Impact . | . . . . . . . . . . . Slashing 1247 | . . . . . . 179 . . . 1068 Piercing . | . . . . . . . . . . . Highest Corruption 2 | . . . 1 2 2 . . . . . Average Corruption 1 | . . . 1 1 2 . . . . . Corruption Purged . | . . . . . . . . . . . Effects 31 | . . . 4 23 4 . . . . . Message Errors 10 | . . . 1 9 . . . . . . Heat Flow Errors 3 | . . . . 2 1 . . . . . Energy Discharges 8 | . . . 1 6 1 . . . . . Data Loss (minor) 4 | . . . . 3 1 . . . . . Targeting Errors 5 | . . . 2 2 1 . . . . . Weapon Failures 1 | . . . . 1 . . . . . . Overload Shots . | . . . . . . . . . . . Overflow Damage 230 | . . . 6 . . 27 . . . 197 Projectiles . | . . . . . . . . . . . Explosions 6 | . . . 6 . . . . . . . Melee 224 | . . . . . . 27 . . . 197 Knockbacks . | . . . . . . . . . . . Impact . | . . . . . . . . . . . Kinetic . | . . . . . . . . . . . Secondary . | . . . . . . . . . . . Self-Inflicted Damage 98 | . . . 85 13 . . . . . . Shots 3 | . . . 2 1 . . . . . . Rammed . | . . . . . . . . . . . Targets Rammed . | . . . . . . . . . . . Kicked . | . . . . . . . . . . . Crushed . | . . . . . . . . . . . Highest Temperature 276 | . 120 14 128 234 276 20 . 4 . 14 Average Temperature 50 | . 23 10 34 60 153 10 . 4 . 14 Received Heat Transfer 981 | . 216 . 267 150 . 42 . 27 . 279 Effects 1 | . . . . 1 . . . . . . Energy Bleed 1 | . . . . 1 . . . . . . Siege Activations . | . . . . . . . . . . . Robots Corrupted 1 | . . . 1 . . . . . . . Combat Hostiles 1 | . . . 1 . . . . . . . Parts Fried 1 | . . . 1 . . . . . . . Impact Corruptions . | . . . . . . . . . . . Robots Melted . | . . . . . . . . . . . Combat Hostiles . | . . . . . . . . . . . Parts Melted 4 | . . . 3 1 . . . . . . Heat Transferred 3260 | . 296 . 1027 1937 . . . . . . Parts Sabotaged . | . . . . . . . . . . . Parts Stolen . | . . . . . . . . . . . Parts Stripped . | . . . . . . . . . . . Power Chain Reactions 4 | . . . 3 1 . . . . . . Missiles Intercepted . | . . . . . . . . . . . Alert | -11 -10 -10 -9 -9 -9 -7 -7 -7 -7 -7 ------- Run | Scr Mat Min Mat Sto Rec Fac Low Low Zio Dee Peak Influence 1096 | 5 169 65 474 377 201 1096 . . . . Initial 984 | . 3 10 25 44 87 984 . . . . Average 287 | 2 51 13 308 222 142 903 . . . . Maximum Alert Level 3 | . . . 2 1 1 3 . . . . Low Security (%) 44 | 100 100 100 12 27 97 . . . . . Level 1 35 | . . . 61 72 2 . . . . . Level 2 5 | . . . 26 . . . . . . . Level 3 15 | . . . . . . 100 . . . . Level 4 . | . . . . . . . . . . . Level 5 . | . . . . . . . . . . . High Security . | . . . . . . . . . . . Max Security . | . . . . . . . . . . . Squads Dispatched 15 | . 2 . 5 3 . 5 . . . . Investigation 9 | . 2 . 3 1 . 3 . . . . Extermination 1 | . . . . . . 1 . . . . Reinforcement 4 | . . . 2 2 . . . . . . Assault 1 | . . . . . . 1 . . . . Garrison . | . . . . . . . . . . . Intercept . | . . . . . . . . . . . Construction Impeded 1 | . . . 1 . . . . . . . Haulers Reinforced . | . . . . . . . . . . . Stealth | -11 -10 -10 -9 -9 -9 -7 -7 -7 -7 -7 --------- Run | Scr Mat Min Mat Sto Rec Fac Low Low Zio Dee Distress Signals 6 | . 1 . 4 1 . . . . . . Communications Jammed . | . . . . . . . . . . . Distress Signals . | . . . . . . . . . . . Times Spotted 142 | . 20 3 38 32 12 16 . 15 . 6 Peak Tracking Total 8 | . 6 3 5 4 5 5 . 8 . 6 Tactical Retreats 19 | . 1 1 5 . . 5 . 7 . . Traps | -11 -10 -10 -9 -9 -9 -7 -7 -7 -7 -7 ------- Run | Scr Mat Min Mat Sto Rec Fac Low Low Zio Dee Traps Triggered 9 | . 3 . 2 4 . . . . . . Indirectly 2 | . . . . 2 . . . . . . Trap Hack Attempts . | . . . . . . . . . . . Triggered . | . . . . . . . . . . . Disarmed . | . . . . . . . . . . . Reprogrammed . | . . . . . . . . . . . Reused . | . . . . . . . . . . . Traps Extracted . | . . . . . . . . . . . Installed . | . . . . . . . . . . . Triggered 4 | . . . 2 . . . 2 . . . Machines | -11 -10 -10 -9 -9 -9 -7 -7 -7 -7 -7 ---------- Run | Scr Mat Min Mat Sto Rec Fac Low Low Zio Dee Machines Disabled 9 | . 1 . 3 4 . . . . . 1 Max in Single Turn 1 | . 1 . 1 1 . . . . . . Garrison Access 1 | . . . . . . 1 . . . . Machines Sabotaged . | . . . . . . . . . . . Garrisons Compromised . | . . . . . . . . . . . Overloaded Fab Kills . | . . . . . . . . . . . Fab Network Shutdowns . | . . . . . . . . . . . Hacking | -11 -10 -10 -9 -9 -9 -7 -7 -7 -7 -7 --------- Run | Scr Mat Min Mat Sto Rec Fac Low Low Zio Dee Machines Accessed 42 | . 9 1 7 5 3 13 1 2 1 . Terminals 25 | . 7 . 4 4 . 8 1 1 . . Fabricators . | . . . . . . . . . . . Repair Stations 1 | . . . 1 . . . . . . . Recycling Units 7 | . 2 . . . 3 2 . . . . Scanalyzers 4 | . . . 2 . . 2 . . . . Garrison Access 2 | . . . . 1 . 1 . . . . Total Hacks 108 | . 25 1 23 17 3 30 1 3 5 . Successful 67 | . 13 1 12 8 3 21 1 3 5 . Failed 41 | . 12 . 11 9 . 9 . . . . Catastrophic 2 | . 1 . . . . 1 . . . . Database Lockouts . | . . . . . . . . . . . Manual 40 | . 11 . 8 10 1 9 . 1 . . Terminals 75 | . 22 . 14 15 . 22 1 1 . . Fabricators . | . . . . . . . . . . . Repair Stations 5 | . . . 5 . . . . . . . Recycling Units 10 | . 3 . . . 3 4 . . . . Scanalyzers 7 | . . . 4 . . 3 . . . . Garrison Access 3 | . . . . 2 . 1 . . . . Terminal Hacks 43 | . 9 1 5 7 . 12 1 3 5 . Record 7 | . . . . 2 . 1 1 3 . . Part Schematic 8 | . 1 . . 1 . 1 . . 5 . Robot Analysis 3 | . 1 . . 1 . 1 . . . . Open Door 1 | . . 1 . . . . . . . . Branch Access Points 1 | . . . . . . 1 . . . . Terminal Index 1 | . . . . . . 1 . . . . Alert Level 2 | . 1 . 1 . . . . . . . Unreport Threat 4 | . 1 . 2 . . 1 . . . . Locate Traps 5 | . 2 . . 1 . 2 . . . . Dispatch Records 1 | . 1 . . . . . . . . . Maintenance Status 1 | . 1 . . . . . . . . . Recall Investigation 1 | . . . . . . 1 . . . . Hauler Manifests 2 | . . . 1 1 . . . . . . Zone Layout 6 | . 1 . 1 1 . 3 . . . . Fabricator Hacks . | . . . . . . . . . . . Repair Station Hacks 3 | . . . 3 . . . . . . . Scan Component 2 | . . . 2 . . . . . . . Repair 1 | . . . 1 . . . . . . . Recycling Unit Hacks 6 | . 2 . . . 2 2 . . . . Report Inventory 6 | . 2 . . . 2 2 . . . . Scanalyzer 6 | . . . 3 . . 3 . . . . Insert Component 4 | . . . 2 . . 2 . . . . Analyze 2 | . . . 1 . . 1 . . . . Garrison Access Hacks 1 | . . . . . . 1 . . . . Seal Access 1 | . . . . . . 1 . . . . Unauthorized Hacks 8 | . 2 . 1 1 1 3 . . . . Terminals 5 | . 2 . 1 1 . 1 . . . . Botnet 5 | . 2 . 1 1 . 1 . . . . Fabricators . | . . . . . . . . . . . Repair Stations . | . . . . . . . . . . . Recycling Units 3 | . . . . . 1 2 . . . . Tunnel 3 | . . . . . 1 2 . . . . Scanalyzers . | . . . . . . . . . . . Garrison Access . | . . . . . . . . . . . Data Cores Recovered . | . . . . . . . . . . . Used . | . . . . . . . . . . . Hacking Detections 30 | . 8 . 6 5 . 11 . . . . Full Trace Events 6 | . 1 . 2 2 . 1 . . . . Feedback Events 1 | . . . 1 . . . . . . . Corruption 1 | . . . 1 . . . . . . . Feedback Blocked . | . . . . . . . . . . . Robot Schematics Acquired . | . . . . . . . . . . . Robots Built . | . . . . . . . . . . . Matter . | . . . . . . . . . . . Time . | . . . . . . . . . . . Total Robot Build Rating . | . . . . . . . . . . . Part Schematics Acquired 10 | . 1 . 1 1 . 2 . . 5 . Parts Built . | . . . . . . . . . . . Matter . | . . . . . . . . . . . Time . | . . . . . . . . . . . Total Part Build Rating . | . . . . . . . . . . . Parts Repaired 1 | . . . 1 . . . . . . . Time 100 | . . . 100 . . . . . . . Parts Recycled . | . . . . . . . . . . . Recycled Matter . | . . . . . . . . . . . Retrieved Matter . | . . . . . . . . . . . Retrieved Components . | . . . . . . . . . . . Parts Scanalyzed 2 | . . . 1 . . 1 . . . . Part Schematics Acquired 2 | . . . 1 . . 1 . . . . Parts Damaged 1 | . . . 1 . . . . . . . Bothacking | -11 -10 -10 -9 -9 -9 -7 -7 -7 -7 -7 ------------ Run | Scr Mat Min Mat Sto Rec Fac Low Low Zio Dee Used RIF Installer . | . . . . . . . . . . . Robots Hacked . | . . . . . . . . . . . Non-combat . | . . . . . . . . . . . Combat . | . . . . . . . . . . . Robot Hacks Applied . | . . . . . . . . . . . Relay Couplers Released . | . . . . . . . . . . . Robots Rewired . | . . . . . . . . . . . Allies Hacked . | . . . . . . . . . . . Hacks Repelled . | . . . . . . . . . . . Allies | -11 -10 -10 -9 -9 -9 -7 -7 -7 -7 -7 -------- Run | Scr Mat Min Mat Sto Rec Fac Low Low Zio Dee Total Allies 5 | . . . . 1 . . . . 4 . Largest Group 4 | . . . . 1 . . . . 4 4 Highest-Rated Group 99 | . . . . 99 . . . . 95 95 Highest-Rated Ally 99 | . . . . 99 . . . . 31 31 Total Orders . | . . . . . . . . . . . Ally Attacks 39 | . . . . 8 . . . . . 31 Total Damage 474 | . . . . 293 . . . . . 181 Kills 6 | . . . . 3 . . . . . 3 Allies Corrupted . | . . . . . . . . . . . Allies Melted . | . . . . . . . . . . . Intel | -11 -10 -10 -9 -9 -9 -7 -7 -7 -7 -7 ------- Run | Scr Mat Min Mat Sto Rec Fac Low Low Zio Dee Robot Analysis Total 3 | . 1 . . 1 . 1 . . . . Derelict Logs Recovered 6 | . . 1 . . . . 1 2 2 . Drone Launches 5 | . . . . . . . . . . 5 Drone Recoveries 3 | . . . . . . . . . . 3 Exploration | -11 -10 -10 -9 -9 -9 -7 -7 -7 -7 -7 ------------- Run | Scr Mat Min Mat Sto Rec Fac Low Low Zio Dee Turns Passed 8039 | 60 922 735 1245 1877 313 937 416 645 711 178 Spaces Moved 7747 | 34 564 551 580 792 154 1506 894 1133 1265 274 Core 2 | 1 . . . . . . . . . 1 Treads 1309 | . . . 363 792 154 . . . . . Legs 14 | . 14 . . . . . . . . . Wheels 1351 | 33 550 551 217 . . . . . . . Hover . | . . . . . . . . . . . Flight 5071 | . . . . . . 1506 894 1133 1265 273 Fastest Speed 26 | 50 100 120 120 180 180 26 26 26 27 27 Average Speed 70 | 98 124 129 165 180 180 26 26 26 27 36 Slowest Speed 250 | 100 180 130 200 180 180 26 26 27 27 250 Overloaded Moves . | . . . . . . . . . . . Propulsion Burnouts . | . . . . . . . . . . . Robots Hopped 16 | . . . . . . 16 . . . . Cave-ins Triggered . | . . . . . . . . . . . Exploration Rate (%) 67 | 3 96 99 50 92 31 37 95 93 90 57 Regions Visited 10 Branch Regions 7 Pre-discovered Areas 5 | . . 1 . . 1 2 . . 1 . Known Exits Taken 6 | . . 1 1 . . 1 1 1 1 . Unknown Exits Taken 4 | 1 1 . . 1 1 . . . . . Scrap Searched 13 | . . 1 . . . . 6 3 3 . Spaces Dug 44 | . . . 1 6 . 14 6 13 4 . Terrain Destroyed 81 | . . . 35 9 . 14 6 13 4 . Melee 37 | . . . . . . 14 6 13 4 . Projectile 7 | . . . 1 6 . . . . . . AOE 37 | . . . 34 3 . . . . . . Terrain Rammed . | . . . . . . . . . . . Walls Destroyed . | . . . . . . . . . . . Machines Disabled . | . . . . . . . . . . . Actions | -11 -10 -10 -9 -9 -9 -7 -7 -7 -7 -7 --------- Run | Scr Mat Min Mat Sto Rec Fac Low Low Zio Dee Total 9744 | 51 711 577 755 1051 168 2000 1065 1448 1574 344 Wait 1360 | . 32 4 51 73 1 444 164 284 256 51 Move 7705 | 33 563 550 579 791 153 1473 893 1132 1264 274 Hop 16 | . . . . . . 16 . . . . Pick Up 91 | 7 29 5 24 16 1 5 1 . 3 . Fast Attach 39 | 6 5 1 1 10 . 5 . 3 8 . Attach 32 | . 8 . 3 3 . 10 . . . 8 Detach 5 | . . . . 1 . 1 . . 1 2 Swap 72 | . 9 1 16 25 1 6 . 12 . 2 Drop 121 | 1 14 13 21 34 1 20 1 3 11 2 Fire 228 | 4 51 3 60 98 11 1 . . . . Melee 75 | . . . . . . 19 6 14 31 5 Ram . | . . . . . . . . . . . Kick . | . . . . . . . . . . . Crush . | . . . . . . . . . . . Escape Stasis . | . . . . . . . . . . . Rewire . | . . . . . . . . . . . Trap . | . . . . . . . . . . . Miscellaneous . | . . . . . . . . . . . Route ------- -11/Scrapyard -10/Materials (discovered 4 exits: *Mat x3 / *Min) -10/Mines (discovered 2 exits: *Mat x2) -9/Materials (discovered 3 exits: *Mat / *Min / *Sto) -9/Storage (discovered 2 exits: *Mat / *Rec) -9/Recycling -7/Factory (discovered 3 exits: *Fac / *Low x2) -7/Lower Caves -7/Lower Caves (discovered 2 exits: *Fac / *Zio) -7/Zion (discovered 2 exits: *Dee / *Pro) -7/Deep Caves History --------- Turn | Location | Event 24 | -11/Scrapyard | Discovered new exit (range 16) 61 | -11/Scrapyard | Entered Materials 149 | -10/Materials | Discovered new exit (range 16) 308 | -10/Materials | Build established: Mutant 364 | -10/Materials | Lost 7 parts (1p2n1u3w) 394 | -10/Materials | Discovered new exit (range 13) 690 | -10/Materials | Discovered new exit (range 16) 813 | -10/Materials | Discovered new exit (range 8) 983 | -10/Materials | Entered Mines 986 | -10/Mines | Learned 2 Materials zone layouts 1029 | -10/Mines | Met a Derelict bent on vengeance 1033 | -10/Mines | Found a damaged Exp. Sensor Array with a note attached 1036 | -10/Mines | Found Prototype Device 1251 | -10/Mines | Learned location of Storage (-9) 1396 | -10/Mines | Discovered new exit (range 3) 1508 | -10/Mines | A weapon hastily lodged in a ceiling crevice suddenly fell to the ground 1548 | -10/Mines | Found the Drone Emporium 1554 | -10/Mines | Found Prototype Device 1618 | -10/Mines | Discovered new exit (range 8) 1657 | -10/Mines | Identified exit to Materials 1718 | -10/Mines | Entered Materials 1718 | -9/Materials | Evolved 2 slots: Propulsion x1, Utility x1 1719 | -9/Materials | Identified exit to Storage 2057 | -9/Materials | Identified Exp. Sensor Array 2109 | -9/Materials | Build established: Hauler-Mutant 2127 | -9/Materials | Identified Thief Drone Bay 2332 | -9/Materials | Repaired Broken Exp. Sensor Array? 2447 | -9/Materials | Discovered new exit (range 4) 2451 | -9/Materials | Identified exit to Materials 2837 | -9/Materials | Discovered new exit (range 10) 2866 | -9/Materials | Identified exit to Mines 2963 | -9/Materials | Entered Storage 3393 | -9/Storage | Discovered exit to Materials (range 15) 4075 | -9/Storage | Met 01-MTF 4679 | -9/Storage | Discovered new exit (range 17) 4695 | -9/Storage | Used back door to open Recycling access 4832 | -9/Storage | Destroyed 01-MTF 4839 | -9/Storage | Found Prototype Device 4840 | -9/Storage | Entered Recycling 4861 | -9/Recycling | Spotter reported a threat 4884 | -9/Recycling | Spotter reported a threat 4920 | -9/Recycling | Spotter reported a threat 4922 | -9/Recycling | Spotter reported a threat 4922 | -9/Recycling | Spotter reported a threat 4937 | -9/Recycling | Spotter reported a threat 4945 | -9/Recycling | Spotter reported a threat 4966 | -9/Recycling | Spotter reported a threat 4973 | -9/Recycling | Spotter reported a threat 4978 | -9/Recycling | Spotter reported a threat 5019 | -9/Recycling | Spotter reported a threat 5034 | -9/Recycling | Spotter reported a threat 5072 | -9/Recycling | Spotter reported a threat 5087 | -9/Recycling | Spotter reported a threat 5120 | -9/Recycling | Spotter reported a threat 5126 | -9/Recycling | Discovered new exit (range 15) 5153 | -9/Recycling | Entered Factory 5153 | -7/Factory | Evolved 4 slots: Propulsion x1, Utility x3 5279 | -7/Factory | Discovered new exit (range 11) 5282 | -7/Factory | Identified exit to Factory 5494 | -7/Factory | Build established: Hacker-Sprinter 5708 | -7/Factory | Identified exit to Lower Caves 5953 | -7/Factory | First assault squad dispatched 6036 | -7/Factory | Identified 01-MTF's Autohacker 6090 | -7/Factory | Entered Lower Caves 6224 | -7/Lower Caves | Learned 4 Factory zone layouts 6313 | -7/Lower Caves | Discovered new exit (range 5) 6314 | -7/Lower Caves | Identified exit to Lower Caves 6506 | -7/Lower Caves | Entered another Lower Caves area 6509 | -7/Lower Caves | Discovered exit to Factory (range 14) 6510 | -7/Lower Caves | Learned Factory emergency access door positions 6849 | -7/Lower Caves | Encountered a Warlord checkpoint 6903 | -7/Lower Caves | Acquired the password to a Derelict Tinkerer's latest research 6904 | -7/Lower Caves | Found Prototype Special Weapon 6904 | -7/Lower Caves | Identified Molecular Deconstructor 7044 | -7/Lower Caves | Attracted the attention of an 0b10 checkpoint 7134 | -7/Lower Caves | Remotely autohacked Sealed Heavy Doors 7149 | -7/Lower Caves | Discovered new exit (range 7) 7151 | -7/Lower Caves | Identified exit to Zion 7151 | -7/Lower Caves | Entered Zion 7181 | -7/Zion | Discovered new exit (range 13) 7185 | -7/Zion | Identified exit to Proximity Caves 7267 | -7/Zion | Learned 4 Factory zone layouts 7267 | -7/Zion | Learned Factory emergency access door positions 7330 | -7/Zion | Gained Derelict followers 7393 | -7/Zion | Given the Hacking Drone Bay 7393 | -7/Zion | Found Prototype Device 7393 | -7/Zion | Identified Hacking Drone Bay 7486 | -7/Zion | Found CR-A16's Pointy Stick 7580 | -7/Zion | Given A8's code to call for help 7668 | -7/Zion | Found Prototype Hackware 7670 | -7/Zion | Found Prototype Processor 7670 | -7/Zion | Identified Exp. Target Analyzer 7672 | -7/Zion | Found Prototype Processor 7672 | -7/Zion | Identified Exp. Targeting Computer 7675 | -7/Zion | Found Prototype Processor 7675 | -7/Zion | Identified Spectral Analyzer 7854 | -7/Zion | Discovered new exit (range 4) 7857 | -7/Zion | Saw the warning signs outside the Deep Caves entrance 7857 | -7/Zion | Identified exit to Deep Caves 7862 | -7/Zion | Entered Deep Caves 7862 | -7/Deep Caves | Accompanied by 4 allies 7973 | -7/Deep Caves | Z-Facility disabled 7985 | -7/Deep Caves | Attacked by Z-Imprinter 8017 | -7/Deep Caves | Core integrity fell below 50% 8027 | -7/Deep Caves | Core integrity fell below 20% 8040 | -7/Deep Caves | Destroyed by Z-Imprinter with Zionite Laser-M Last Messages --------------- 08009_ Thief Drone retrieved by Thief Drone Bay. 08011_ Thief Drone delivers Imp. Maneuvering Thrusters. 08011_ Thief Drone retrieved by Thief Drone Bay. 08014_ Thief Drone released from Thief Drone Bay. 08015_ NH-8F6(z) Prototype Device ripped off. 08016_ S9-3T4(z) Prototype Reactor ripped off. 08018_ Thief Drone delivers Prototype Device. 08018_ Thief Drone retrieved by Thief Drone Bay. 08020_ Imp. Light Armor Plating destroyed. 08020_ Identified Zio. Light DM Reactor. 08021_ Identified Exp. Heat Sink. 08022_ Thief Drone destroyed. 08022_ Dropped Thief Drone Bay. 08024_ Dropped Med. Storage Unit. 08024_ Imp. Maneuvering Thrusters destroyed. 08028_ NH-8F6(z) heat short circuits Prototype Energy Gun. 08029_ NH-8F6(z) overheating. 08030_ NH-8F6(z) heat short circuits Zio. Light DM Reactor. 08030_ NH-8F6(z) overheating. [Achievement: Just Browsing] Map ----- +----------------------------------------------------+ | ?????????????????????????????????????????????????? | | ?????????????????????????????????????????????????? | | ????????????????????????????????????????????????## | | ????????????????????????????????????????????????# | | ?????????????????????????????????????????????#### | | ?????????????????????????????????????????????? # | | ??????????????????????????????????????????????? | | ???????????????????????????????????????????????? | | ????????????????????????????????????????????????# | | ???????????????????????????????????????????????## | | ???????????????????????????????????????????????# | | ????????????????????????????????????????????????# | | ?????????????????????????????????????????????#### | | ????????????????????????????????????????????## # | | ??????????????????????????????????????####??# | | ?????????????????????????????????????# ##?# | | ????????????????????????????????????? #?# | | ????????????????????????????????##### #???# | | ???????????????????????????????## ## #??????# | | ?????????????????????????####### #???????# | | ????????????????????????## ## ##???????# | | ???????????????????????## #???????# | | ???????????????# ?????## #????##### | | ???????????????# ### ##??## ## | | ?????????????### #??# ## | | ?????????# @ #??# # | | ?????????# ##?## | | ?????????# ### ####### | | ??????????????## I | | ???????????????## | | ????????????????## | | ?????????????????# ### ##### | | ?????????????????## ### #####?### #???# | | ??????????????????##??###????????## ##???### | | ??????????????????????????????????#####??????# | | ?????????????????????????????????????????????## | | ??????????????????????????????????????????????# | | ??????????????????????????????????????????????# | | ??????????????????????????????????????????????## | | ???????????????????????????????????????????????# | | ???????????????????????????????????????????????## | | ????????????????????????????????????????????????## | | | | | | | | | | | | | | | | | +----------------------------------------------------+ Best States ------------- Heat Dissipation 60 Energy Generation 15 Energy Capacity 280 Matter Stores 300 Matter Capacity 300 Sight Range 24 Robot Scan Range 30 Terrain Scan Density 10 Armor Coverage 225 Evasion (%) 64 Recoil Reduction 3 Offensive Hacking 31 Item Schematics ----------------- Lrg. Storage Unit | -10/Materials | Hacked Exp. Sensor Array | -9/Materials | Scanalyzed Med. Storage Unit | -9/Storage | Hacked Hacking Suite | -7/Factory | Scanalyzed VTOL Module | -7/Factory | Hacked Beamcaster | -7/Zion | Free Riot Gun | -7/Zion | Free Slug Cannon | -7/Zion | Free Enh. Flamer | -7/Zion | Free Tactical Coordination Suite | -7/Zion | Free Robot Schematics ------------------ None Fabricated ------------ Nothing Alien Tech Used ----------------- None Achievements -------------- Brute Force Collateral Damage GoHome() Just Browsing Shopping List Signs Are For Wimps \\IAMDERELICT root@ Challenges ------------ None Game ------ Seed WeldingFactoryTreads Manual? 0 Play Time 03:56:57 Cumulative 26.1 hours Start 2021.10.05 @ 05:41:07 End 2021.10.05 @ 16:31:12 Sessions 3 Manual Loads 0 Difficulty Rogue Special Mode None Game No. 5 Rogue 5 Adventurer 0 Explorer 0 Win Type - Total 0 Types 0/0/0/0/0/0/0/0/0 Lore% 32 Gallery% 25 Achievement% 29 Wizard Run 0 Options --------- ASCII 0 Keyboard 0 Movement Vi Keybinds 0 Fullscreen 1 Font 36/Smallcaps Map View 76x50 Tactical HUD 1 Map Filters NONE Filters NONE Steam 1 RUN: ecea2360-5470-4480-a0b7-7f9cd25ba657